 Dungeon Crawl Stone Soup version 0.18.1-50-g88ac8fd (webtiles) character file.

3989 Gargoyl the Envoy of Void (level 10, 0/74 HPs)
             Began as a Demonspawn Abyssal Knight on Oct 15, 2016.
             Was a High Priest of Lugonu.
             Slain by a killer bee (1 damage)
             ... on level 8 of the Dungeon.
             The game lasted 00:21:23 (10070 turns).

Gargoyl the Envoy of Void (DsAK)                   Turns: 10070, Time: 00:21:24

Health: 0/74       AC: 20    Str: 15 (17) XL:     10   Next: 3%
Magic:  16/16      EV:  8    Int: 12 (13) God:    Lugonu [*****.]
Gold:   0          SH:  7    Dex:  9 (12) Spells: 0 memorised, 9 levels left

rFire  . . .     SeeInvis .     A - +0 war axe
rCold  . . .     Gourm    .     v - +0 chain mail
rNeg   . . .     Faith    .     e - +3 buckler
rPois  .         Spirit   .     (helmet restricted)
rElec  .         Dismiss  .     r - +1 cloak
rCorr  .         Reflect  .     (no gloves)
SustAt .         Harm     .     s - +2 pair of boots
MR     ++...                    (no amulet)
Stlth  ..........               m - ring of protection from magic
                                g - ring of protection from magic

@: lethally poisoned (0 -> -8), very resistant to hostile enchantments,
extremely unstealthy
A: antennae 1, iridescent scales 1, demonic guardian 1, powered by death 1
a: Depart the Abyss, Bend Space, Banish, Corrupt, Enter the Abyss, Renounce
Religion


You were on level 8 of the Dungeon.
You worshipped Lugonu.
Lugonu was extremely pleased with you.
You were not hungry.

You visited 1 branch of the dungeon, and saw 8 of its levels.
You visited the Abyss 1 time.

Inventory:

Hand Weapons
 b - a +0 war axe
 A - a +0 war axe (weapon)
Missiles
 k - 6 tomahawks (quivered)
Armour
 e - a +3 buckler (worn)
 r - a +1 cloak (worn)
 s - a +2 pair of boots (worn)
 v - a +0 chain mail (worn)
Jewellery
 g - a ring of protection from magic (left hand)
 m - a ring of protection from magic (right hand)
Wands
 d - a wand of lightning (12/15)
 n - a wand of flame (36/48)
 u - a wand of paralysis (12/24)
Scrolls
 i - a scroll of teleportation
 q - a scroll of identify
 t - a scroll of amnesia
 y - a scroll of remove curse
Books
 a - a book of Geomancy

   Spells                             Type                      Level
   a - Sandblast                      Earth                        1
   b - Passwall                       Transmutation/Earth          2
   c - Stone Arrow                    Conjuration/Earth            3
   d - Petrify                        Transmutation/Earth          4
   e - Lee's Rapid Deconstruction     Earth                        5
 o - a book of Transfigurations

   Spells                             Type                      Level
   a - Irradiate                      Conjuration/Transmutation    5
   b - Statue Form                    Transmutation/Earth          6
   c - Hydra Form                     Transmutation                6
   d - Dragon Form                    Transmutation                7
 C - a book of Conjurations

   Spells                             Type                      Level
   a - Magic Dart                     Conjuration                  1
   b - Searing Ray                    Conjuration                  2
   c - Dazzling Spray                 Conjuration/Hexes            3
   d - Fulminant Prism                Conjuration/Hexes            4
   e - Iskenderun's Mystic Blast      Conjuration                  4
   f - Iskenderun's Battlesphere      Conjuration/Charms           5
 F - a book of Ice

   Spells                             Type                      Level
   a - Ice Form                       Ice/Transmutation            4
   b - Metabolic Englaciation         Hexes/Ice                    5
   c - Ozocubu's Refrigeration        Ice                          6
   d - Bolt of Cold                   Conjuration/Ice              6
   e - Freezing Cloud                 Conjuration/Ice/Air          6
   f - Simulacrum                     Ice/Necromancy               6
 G - an Akashic Record

   Spells                             Type                      Level
   a - Dispersal                      Translocation                6
   b - Malign Gateway                 Summoning/Translocation      7
   c - Disjunction                    Translocation                8
   d - Controlled Blink               Translocation                8
Comestibles
 c - 5 bread rations
 j - 3 meat rations
 l - 5 beef jerkies
 p - 8 slices of pizza


   Skills:
 + Level 5.5 Fighting
 + Level 4.8 Axes
 * Level 7.6 Armour
 + Level 5.0 Dodging
 + Level 4.6 Shields
 * Level 8.5 Invocations


You had 9 spell levels left.
You didn't know any spells.

Dungeon Overview and Level Annotations

Branches:
Dungeon (8/15)             Temple (0/1) D:4
   Lair: D:8-11

Altars:
Ashenzari
Dithmenos
Elyvilon
Fedhas
Makhleb
Okawaru
Pakellas
Ru
Xom
The Shining One

Annotations:
D:8 Jessica, Maurice


Innate Abilities, Weirdness & Mutations

You have a pair of small antennae on your head.
You are partially covered in iridescent scales (AC +4).
A weak demonic guardian rushes to your aid.
You regenerate a little health from kills.


Message History

The killer bee is almost dead.
You miss the killer bee.
The killer bee is almost dead.
* * * LOW HITPOINT WARNING * * *
You feel sick.
The killer bee stings you but does no damage.
You block the killer bee's attack. x2; The killer bee barely misses you.
The killer bee stings you but does no damage.
You closely miss the killer bee.
The killer bee is almost dead.
You hit the killer bee but do no damage.
The killer bee is almost dead.
* * * LOW HITPOINT WARNING * * *
You feel sick.
The killer bee stings you but does no damage.
The killer bee stings you.
* * * LOW HITPOINT WARNING * * *
The killer bee stings you but does no damage.
The killer bee stings you.
You die...

#.....'...###.#
##.#.
#.....#.#.....#
#....
#..........####.
#####
#######.#### ..
#.# ... ######.#
...≈
#.....####...≈≈
#####y#g....≈≈g
#@yg)...≈≈@
###.....≈≈g
####...≈≈ ...≈
... .. .


You could see 2 killer bees and 2 gnolls.

Vanquished Creatures
  Grinder (D:6)
  A human (D:8)
  A hog (D:8)
  A hippogriff (D:8)
  2 sky beasts (D:6)
  An orc warrior (D:5)
  4 ice beasts
  2 phantoms
  2 ogres
  3 centaurs
  A big kobold (D:8)
  A gnoll sergeant (D:8)
  3 giant frogs
  A wyvern skeleton (D:7)
  A scorpion (D:7)
  5 killer bees (D:8)
  A howler monkey (D:5)
  4 wights (D:8)
  2 crimson imps
  2 orc priests
  A gnoll shaman (D:8)
  Crazy Yiuf (D:4)
  3 hounds
  2 jellies
  4 orc wizards
  3 centaur skeletons
  A giant frog skeleton (D:5)
  Natasha (thrice) (D:3)
  3 worker ants
  3 sheep (D:8)
  A hound zombie (D:8)
  A worker ant zombie (D:8)
  12 gnolls
  9 adders
  A shadow imp (D:5)
  3 oozes
  4 adder skeletons
  An adder zombie (D:7)
  3 worms
  2 dart slugs
  2 giant geckos
  17 orcs
  A ball python (D:1)
  4 giant cockroaches
  11 goblins
  14 hobgoblins
  3 jackals (D:5)
  5 quokkas
  5 bats
  A giant gecko zombie (D:8)
  5 giant newts
  A jackal skeleton (D:4)
  A jackal zombie (D:5)
  18 kobolds
  2 quokka skeletons
  8 rats
198 creatures vanquished.

Vanquished Creatures (collateral kills)
  A gnoll (D:8)
1 creature vanquished.

Vanquished Creatures (others)
  A troll (D:8)
  A hungry ghost (D:7)
  A crimson imp (D:8)
3 creatures vanquished.

Grand Total: 202 creatures vanquished

Notes
Turn   | Place    | Note
--------------------------------------------------------------
     0 | Abyss:1  | Gargoyl the Demonspawn Abyssal Knight began the quest for the Orb.
     0 | Abyss:1  | Reached XP level 1. HP: 18/18 MP: 2/2
    63 | Abyss:3  | Noticed a large abomination
    83 | Abyss:3  | Noticed a blizzard demon
    86 | D:1      | Escaped the Abyss
   227 | D:1      | Reached * piety under Lugonu
   243 | D:1      | Reached skill level 1 in Dodging
   254 | D:1      | Gained mutation: You are partially covered in iridescent scales (AC +4). [demonic ancestry]
   254 | D:1      | Reached XP level 2. HP: 17/24 MP: 3/3
   909 | D:1      | Gained mutation: You have a pair of small antennae on your head. [demonic ancestry]
   909 | D:1      | Reached XP level 3. HP: 29/29 MP: 5/5
  1683 | D:2      | Reached skill level 3 in Invocations
  1684 | D:2      | Reached ** piety under Lugonu
  1763 | D:2      | Found a blossoming altar of Fedhas.
  1769 | D:2      | Reached XP level 4. HP: 35/35 MP: 6/6
  2593 | D:3      | Found an oddly glowing altar of Pakellas.
  2606 | D:3      | Noticed Natasha
  2617 | D:3      | Killed Natasha
  2617 | D:3      | Reached skill level 1 in Shields
  3195 | D:3      | Found an iron altar of Okawaru.
  3198 | D:3      | Found a glowing golden altar of the Shining One.
  3212 | D:3      | Found a burning altar of Makhleb.
  3215 | D:3      | Found a shadowy altar of Dithmenos.
  3357 | D:3      | Noticed Natasha
  3361 | D:3      | Reached XP level 5. HP: 31/41 MP: 7/7
  3692 | D:3      | Killed Natasha
  3704 | D:3      | Noticed Natasha
  3716 | D:3      | Killed Natasha
  4145 | D:4      | Reached skill level 4 in Invocations
  4145 | D:4      | Reached XP level 6. HP: 28/47 MP: 7/9
  4346 | D:4      | Found a staircase to the Ecumenical Temple.
  4365 | D:4      | Found a shattered altar of Ashenzari.
  4955 | D:4      | Reached *** piety under Lugonu
  5026 | D:4      | Gained mutation: You regenerate a little health from kills. [demonic ancestry]
  5026 | D:4      | Reached XP level 7. HP: 46/54 MP: 10/10
  5206 | D:4      | Noticed Crazy Yiuf
  5216 | D:4      | Killed Crazy Yiuf
  5401 | D:5      | Entered Level 5 of the Dungeon
  5462 | D:5      | Reached skill level 5 in Invocations
  5908 | D:5      | Reached skill level 5 in Armour
  6079 | D:5      | Reached XP level 8. HP: 52/60 MP: 12/12
  6304 | D:6      | Reached skill level 6 in Invocations
  7100 | D:6      | Noticed Grinder
  7114 | D:6      | Reached **** piety under Lugonu
  7148 | D:6      | Killed Grinder
  7230 | D:6      | Reached skill level 7 in Invocations
  7296 | D:6      | Found a white marble altar of Elyvilon.
  7411 | D:7      | Reached XP level 9. HP: 66/66 MP: 14/14
  7493 | D:7      | Found a sacrificial altar of Ru.
  7493 | D:7      | Found a shimmering altar of Xom.
  8226 | D:8      | Reached skill level 5 in Fighting
  8312 | D:8      | Reached skill level 8 in Invocations
  8341 | D:8      | Noticed Maurice
  9392 | D:8      | Reached ***** piety under Lugonu
  9435 | D:8      | Noticed a troll
 10014 | D:8      | Banished a troll
 10014 | D:8      | Reached skill level 5 in Dodging
 10014 | D:8      | Gained mutation: A weak demonic guardian rushes to your aid. [demonic ancestry]
 10014 | D:8      | Reached XP level 10. HP: 74/74 MP: 16/16
 10028 | D:8      | Noticed Jessica
 10070 | D:8      | HP: 3/74 [poisoned by a killer bee]
 10070 | D:8      | HP: 1/74 [killer bee (2)]
 10070 | D:8      | Slain by a killer bee

Skill      XL: |  1  2  3  4  5  6  7  8  9 |
---------------+----------------------------+-----
Armour         | 2 3 4 5 6 7 |  7.6
Dodging        | 1 2 3 4 5 |  5.0
Axes           | 2 3 4 |  4.8
Invocations    | 3 4 5 7 8 |  8.5
Shields        | 1 2 3 4 |  4.6
Fighting       | 4 5 |  5.5

Action                   |  1- 3 |  4- 6 |  7- 9 | 10-12 || total
-------------------------+-------+-------+-------+-------++-------
Melee: Hand axe          |   142 |   235 |   514 |       ||   891
       War axe           |       |       |   422 |    40 ||   462
Invok: Depart the Abyss  |     1 |       |       |       ||     1
       Bend Space        |       |     1 |       |       ||     1
       Banish            |       |       |     3 |     1 ||     4
  Use: Scroll            |     4 |     3 |    10 |       ||    17
       Potion            |       |     5 |     8 |       ||    13
  Eat: Chunk             |     3 |     6 |    15 |       ||    24
       Bread ration      |       |     1 |     1 |       ||     2
       Fruit             |       |       |     3 |       ||     3
Armor: Scale mail        |    77 |    95 |   181 |       ||   353
       Chain mail        |       |       |   472 |    71 ||   543
Dodge: Dodged            |    62 |    90 |   417 |    55 ||   624
Block: Buckler           |    37 |    85 |   415 |    50 ||   587
